 Dungeon Crawl Stone Soup version 0.29-a0-757-g358383bc75 (webtiles) character file.

Game seed: 10958378247943574382

182 happo123 the Trooper (level 5, -5/58 HPs)
             Began as a Troll Fighter on July 1, 2022.
             Splashed by a jelly's acid (8 damage)
             ... on level 4 of the Dungeon.
             The game lasted 00:09:55 (2104 turns).

happo123 the Trooper (Troll Fighter)                Turns: 2104, Time: 00:09:56

Health: -5/58      AC:  4    Str: 26    XL:     5   Next: 35%
Magic:  4/4        EV:  8    Int:  4    God:
Gold:   229        SH:  7    Dex:  9    Spells: 4/4 levels left

rFire   + . .      SeeInvis .     - Unarmed
rCold   . . .      Faith    .   b - +0 kite shield
rNeg    . . .      Spirit   .   a - +0 robe
rPois   .          Reflect  .   (helmet restricted)
rElec   .          Harm     .   i - scarf {+Inv}
rCorr   .          Rampage  .   (gloves unavailable)
Will    .....                   (boots unavailable)
Stlth   +.........              (no amulet)
HPRegen 0.99/turn               m - ring of protection from fire
MPRegen 0.09/turn               (no ring)

@: lethally poisoned (-5 -> -14)
A: large, unfitting armour, claws 3, regeneration 1, shaggy fur 1, tough skin 1,
horns 1, robust 1
a: Evoke Invisibility


You were on level 4 of the Dungeon.
You visited 1 branch of the dungeon, and saw 4 of its levels.

You collected 229 gold pieces.

Inventory:

Hand Weapons
 u - the +4 shortbow of the Changing Seeker {vorpal, Str+7}
   (You found it on level 3 of the Dungeon)

   Any ammunition fired from it inflicts extra damage upon your enemies.
   Str:       It affects your strength (+7).
Armour
 a - a +0 robe (worn)
 b - a +0 kite shield (worn)
 i - a scarf of invisibility (worn)
Jewellery
 m - a ring of protection from fire (left claw)
Wands
 t - a wand of paralysis (7)
Scrolls
 g - a scroll of enchant armour {unknown}
 h - 2 scrolls of poison {unknown}
 j - a scroll of acquirement {unknown}
 k - 2 scrolls of identify {unknown}
 q - a scroll of amnesia {unknown}
 r - 2 scrolls of fear {unknown}
 s - a scroll of teleportation {unknown}
 w - a scroll of immolation {unknown}
 x - a scroll of silence {unknown}
Potions
 c - a potion of might
 d - a potion of brilliance {unknown}
 e - 2 potions of mutation
 f - a potion of curing
 l - 2 potions of attraction {unknown}
 n - a potion of resistance {unknown}
 o - a potion of heal wounds {unknown}
 p - a potion of haste {unknown}
 v - a potion of degeneration {unknown}


   Skills:
 * Level 3.3 Fighting
 + Level 2.8 Dodging
 + Level 3.1 Shields
 * Level 3.2 Unarmed Combat
 * Level 1.6 Evocations


You had 4 spell levels left.
You didn't know any spells.
Your spell library contained the following spells:

 Spells                   Type           Power      Damage    Failure   Level
 Beastly Appendage        Tmut           0%         N/A       80%         1
 Wereblood                Tmut           0%         N/A       90%         2
 Dazzling Flash           Conj/Hex       0%         N/A       99%         3
 Spider Form              Tmut/Pois      0%         N/A       99%         3
 Iskenderun's Mystic Bla  Conj/Tloc      0%         2d3       100%        4
 Starburst                Conj/Fire      0%         6d3       100%        6


Dungeon Overview and Level Annotations

Branches:
Dungeon (4/15)
 Temple: D:4-7

Altars:

Annotations:
D:4 Dowan, Duvessa


Innate Abilities, Weirdness & Mutations

You are too large for most types of armour.
You have claws for hands.
Your natural rate of healing is unusually fast.
You are covered in fur. (AC +1)
You have tough skin. (AC +1)
You have a pair of small horns on your head.
You are robust. (+10% HP)


Message History

You are poisoned.
The jelly quivers.
You scratch Duvessa but do no damage. Your headbutt misses Duvessa.
You feel sick. You block Duvessa's attack.
You barely miss Duvessa. Your headbutt misses Duvessa.
You feel sick. You block Duvessa's attack.
Dowan smirks and points a slender finger.
You scratch Duvessa.
Duvessa is lightly wounded.
You feel sick.
Duvessa hits you with a +3 short sword of venom.
You are more poisoned.
Dowan casts a spell at you. The puff of flame hits you. You resist.
You barely miss Duvessa.
Duvessa is lightly wounded.
You feel very sick.
Duvessa hits you with a +3 short sword of venom!
The dart slug launches a dart at you. The slug dart hits you.
You closely miss Duvessa.
Duvessa is lightly wounded.
You feel sick.
Duvessa hits you with a +3 short sword of venom!
* * * LOW HITPOINT WARNING * * *
You claw Duvessa!
Duvessa is moderately wounded.
You feel sick.
Duvessa hits you with a +3 short sword of venom.
* * * LOW HITPOINT WARNING * * *
You are lethally poisoned!
Dowan closely misses you.
You mangle Duvessa!! You headbutt Duvessa.
Duvessa is almost dead.
* * * LOW HITPOINT WARNING * * *
You feel very sick. Duvessa closely misses you. The jelly hits you.
* * * LOW HITPOINT WARNING * * *
You are splashed with acid!
You die...

##..!....#... .....
#..........## .....
####...........##..=w
###.###..............#
.....##.....?......w.#
......#..............#
..#..............)...###
.................$.....#
..#.............@.....##
..<.#........#.eeJ......
...##.###...##..........
....... #.#.............
.......####............#
........ #.............
........# #..##.....#...
...#..... ... ......##..
..#.......


You could see Duvessa, Dowan, a jelly and a dart slug.

Vanquished Creatures
  An ogre (D:3)
  Crazy Yiuf (D:3)
  2 adders
  2 worms
  4 dart slugs
  3 bats
  3 endoplasms
  3 giant cockroaches
  3 goblins
  6 hobgoblins
  A quokka (D:1)
  2 ball pythons
  2 frilled lizards
  3 kobolds
  11 rats
47 creatures vanquished.

Notes
Turn   | Place    | Note
-------+----------+-------------------------------------------
     0 | D:1      | happo123 the Troll Fighter began the quest for the Orb.
     0 | D:1      | Reached XP level 1. HP: 22/22 MP: 0/0
   261 | D:1      | Reached XP level 2. HP: 28/29 MP: 1/1
   652 | D:1      | Found a faded altar of an unknown god.
   782 | D:2      | Reached XP level 3. HP: 36/36 MP: 2/2
  1397 | D:3      | Gained mutation: You occasionally lose the ability to drink
                  | potions when taking damage. [potion of mutation]
  1397 | D:3      | Gained mutation: You have a somewhat thin skeletal
                  | structure. (Dex +2, Stealth+) [potion of mutation]
  1399 | D:3      | Lost mutation: You have a somewhat thin skeletal structure.
                  | (Dex +2, Stealth+) [potion of mutation]
  1399 | D:3      | Lost mutation: You occasionally lose the ability to drink
                  | potions when taking damage. [potion of mutation]
  1399 | D:3      | Gained mutation: You are robust. (+10% HP) [potion of
                  | mutation]
  1399 | D:3      | Gained mutation: You have a pair of small horns on your
                  | head. [potion of mutation]
  1630 | D:3      | Noticed an ogre
  1636 | D:3      | Killed an ogre
  1637 | D:3      | Reached skill level 1 in Evocations
  1637 | D:3      | Reached XP level 4. HP: 34/49 MP: 3/3
  1637 | D:3      | Reached XP level 5. HP: 40/58 MP: 4/4
  1748 | D:3      | Identified the +4 shortbow of the Changing Seeker {vorpal,
                  | Str+7}
  1840 | D:3      | Found a runed translucent door.
  1841 | D:3      | Noticed Crazy Yiuf
  1851 | D:3      | Killed Crazy Yiuf
  2092 | D:4      | Noticed Duvessa
  2092 | D:4      | Noticed Dowan
  2104 | D:4      | Splashed by a jelly's acid

Illustrated notes

Levels and vault maps discovered:
D:1:      dpeg_arrival_oval, layout_basic, dilly_ecumenical_altar_fadedgnrine,
          minmay_pentomino_w4
D:2:      layout_loops_cross
D:3:      layout_loops_corners, uniq_crazy_yiuf_cottage
D:4:      layout_cave_pools, minmay_temple_entry_slanted, uniq_duvessa

Skill      XL: |  1  2  3 |
---------------+----------+-----
Fighting       | 3 |  3.3
Shields        | 3 |  3.1
Unarmed Combat | 3 |  3.2
Evocations     | 1 |  1.6
Dodging        | |  2.8

Action                   |  1- 3 |  4- 6 || total
-------------------------+-------+-------++-------
Melee: Unarmed           |   118 |    27 ||   145
       Headbutt          |     2 |     3 ||     5
  Use: Potion            |     3 |       ||     3
 Stab: Sleeping          |     1 |       ||     1
Armor: Robe              |    26 |     1 ||    27
Dodge: Dodged            |    39 |     4 ||    43
Block: Kite shield       |    25 |     5 ||    30

Table legend: (Time is in decaauts)
 A = Elapsed time spent in this place.
 B = Non-inter-level travel time spent in this place.
 C = Inter-level travel time spent in this place.
 D = Time resting spent in this place.
 E = Time spent auto-exploring this place.
 F = Levels seen in this place.
 G = Mean time per level.
                   A        B        C        D        E       F      G
               +--------+--------+--------+--------+--------+-----+--------+
         Total |   2102 |   1864 |    238 |      0 |   1434 |   4 |  525.5 |
       Dungeon |   2102 |   1864 |    238 |      0 |   1434 |   4 |  525.5 |
               +--------+--------+--------+--------+--------+-----+--------+

Top non-repeatable levels by time:
     D:3: 799 daAuts
     D:1: 769 daAuts
     D:2: 506 daAuts
     D:4: 27 daAuts
